 Dungeon Crawl Stone Soup version 0.27-a0-1202-ge72e49191c (webtiles) character file.

Game seed: 14945779335412534777

44 Phantomfrettchen the Skirmisher (level 3, 0/43 HPs)
             Began as a Demonspawn Abyssal Knight on June 4, 2021.
             Was a Follower of Lugonu.
             Succumbed to an adder's poison
             ... on level 2 of the Dungeon.
             The game lasted 00:07:24 (2255 turns).

Phantomfrettchen the Skirmisher (DsAK)              Turns: 2255, Time: 00:07:24

Health: 0/43       AC:  4    Str: 12    XL:     3   Next: 39%
Magic:  4/4        EV: 11    Int: 15    God:    Lugonu [*.....]
Gold:   63         SH:  0    Dex: 13    Spells: 2/2 levels left

rFire    . . .     SeeInvis .     - Unarmed
rCold    . . .     Faith    .   (no shield)
rNeg     . . .     Spirit   .   a - +0 leather armour
rPois    .         Reflect  .   (no helmet)
rElec    .         Harm     .   (no cloak)
rCorr    .         Rampage  .   h - +0 pair of gloves
Will     .....                  (no boots)
Stlth    ..........             (no amulet)
HPRegen  0.14/turn              (no ring)
MPRegen  0.09/turn              (no ring)

@: berserking (expiring), lethally poisoned (0 -> -4), very quick
A: hooves 1, big brain 1
a: Renounce Religion, Depart the Abyss


You were on level 2 of the Dungeon.
You worshipped Lugonu.
Lugonu was aware of your devotion.
You visited 1 branch of the dungeon, and saw 2 of its levels.
You visited the Abyss 1 time.

You collected 63 gold pieces.

Inventory:

Hand Weapons
 g - a +3 dagger
Missiles
 d - 62 stones
Armour
 a - a +0 leather armour (worn)
 h - a +0 pair of gloves (worn)
Wands
 j - a wand of charming (4)
Scrolls
 b - a scroll of enchant weapon {unknown}
 e - 3 scrolls of identify {unknown}
Potions
 c - a potion of berserk rage
 f - a potion of curing {unknown}
 i - a potion of mutation {unknown}


   Skills:
 + Level 3.5 Fighting
 + Level 2.1 Armour
 + Level 1.0 Dodging
 + Level 0.3 Stealth
 + Level 2.5 Unarmed Combat
 + Level 2.6 Invocations


You had 2 spell levels left.
You didn't know any spells.
Your spell library was empty.

Dungeon Overview and Level Annotations

Branches:
Dungeon (2/15)

Altars:
Zin

Shops:
D:2 [(


Innate Abilities, Weirdness & Mutations

You have large cloven feet.
You have an unusually large brain. (Int +2)


Message History

You feel yourself moving faster!
You feel mighty!
You feel sick. The jackal bites you.
* * * LOW HITPOINT WARNING * * *
The jackal closely misses you.
You completely miss the jackal. You kick the jackal.
The jackal is moderately wounded.
You feel sick. The jackal closely misses you.
You closely miss the jackal.
You feel sick. The jackal bites you.
* * * LOW HITPOINT WARNING * * *
You closely miss the jackal.
You feel sick. The jackal bites you.
* * * LOW HITPOINT WARNING * * *
You barely miss the jackal. The jackal barely misses you.
You punch the jackal!
You kill the jackal!
Lugonu accepts your kill.
You feel sick.
You closely miss the adder.
The adder is moderately wounded.
You feel sick. The adder closely misses you.
You barely miss the adder. Your kick misses the adder.
The adder is moderately wounded.
The adder barely misses you.
You hit the adder.
The adder is heavily wounded.
You feel sick.
You are no longer poisoned.
The adder bites you.
* * * LOW HITPOINT WARNING * * *
You are lethally poisoned!
The adder poisons you!
You are too berserk!
You punch the adder!
You kill the adder!
Lugonu accepts your kill.
* * * LOW HITPOINT WARNING * * *
You feel sick.
You punch the jackal!
You kill the jackal!
Lugonu accepts your kill.
You die...

#.# ... ########.##
####### #......h...
#......
###†####.###.#.#####
#@# #.....#.# #
#.####..####.# #
#............#
#.#####.####.# ###
### ###


There were no monsters in sight!

Vanquished Creatures
  An adder (D:2)
  5 ball pythons
  5 endoplasms
  A goblin (D:2)
  2 hobgoblins
  7 jackals
  3 bats
  A frilled lizard (D:2)
  3 kobolds
  5 rats (D:1)
33 creatures vanquished.

Notes
Turn   | Place    | Note
-------+----------+-------------------------------------------
     0 | Abyss:1  | Phantomfrettchen the Demonspawn Abyssal Knight began the
                  | quest for the Orb.
     0 | Abyss:1  | Reached XP level 1. HP: 18/18 MP: 2/2
    48 | Abyss:1  | Noticed an iron imp
    59 | Abyss:1  | Noticed a hellwing
    63 | D:1      | Escaped the Abyss
   795 | D:1      | Gained mutation: You have large cloven feet. [demonic
                  | ancestry]
   795 | D:1      | Reached XP level 2. HP: 24/24 MP: 3/3
   988 | D:1      | Reached * piety under Lugonu
  1022 | D:1      | Reached skill level 1 in Dodging
  1886 | D:2      | Found Suili's Weapon Shop.
  1961 | D:2      | Found Axiem's Armour Shop.
  1966 | D:2      | Gained mutation: You have an unusually large brain. (Int
                  | +2) [demonic ancestry]
  1966 | D:2      | Reached XP level 3. HP: 29/29 MP: 4/4
  2087 | D:2      | Found a faded altar of an unknown god.
  2253 | D:2      | HP: 2/43 [adder (1)]
  2255 | D:2      | Succumbed to an adder's poison

Illustrated notes

Levels and vault maps discovered:
D:1:      dpeg_arrival_radiant, layout_basic, minmay_misc_feat_encased
D:2:      layout_basic, basic_altar, serial_shops, shop, nicolae_shop_crystal,
          nicolae_shop_crystal, nicolae_shop_trees, shop,
          chequers_ecumenical_altar_grove, minivault_14

Skill      XL: |  1  2 |
---------------+-------+-----
Dodging        | 1 |  1.0
Unarmed Combat | 2 |  2.5
Armour         | 2 |  2.1
Fighting       | |  3.5
Stealth        | |  0.3
Invocations    | |  2.6

Action                   || total
-------------------------++-------
Melee: Unarmed           ||   124
       Kick              ||    12
Invok: Depart the Abyss  ||     1
  Use: Potion            ||     1
Armor: Leather armour    ||    39
Dodge: Dodged            ||    85

Table legend: (Time is in decaauts)
 A = Elapsed time spent in this place.
 B = Non-inter-level travel time spent in this place.
 C = Inter-level travel time spent in this place.
 D = Time resting spent in this place.
 E = Time spent auto-exploring this place.
 F = Levels seen in this place.
 G = Mean time per level.
                   A        B        C        D        E       F      G
               +--------+--------+--------+--------+--------+-----+--------+
         Total |   2247 |   1984 |    263 |      3 |    885 |   3 |  749.0 |
       Dungeon |   2184 |   1921 |    263 |      3 |    885 |   2 | 1092.0 |
         Abyss |     63 |     63 |      0 |      0 |      0 |   1 |   63.0 |
               +--------+--------+--------+--------+--------+-----+--------+

Top non-repeatable levels by time:
     D:1: 1632 daAuts
     D:2: 551 daAuts
 Abyss:1: 63 daAuts
